Map: Triton LE

Players

lIIllllIIlll (INnoVation)

  • Race: Terran Terran
  • League: Master
  • Spawn Location: 5:00

Serral - Winner!

  • Race: Zerg Zerg
  • League: Master
  • Spawn Location: 11:00

Event: HomeStory Cup XX

VOD

Have the link to the VOD?

Description

Time

  • Played on: Nov. 24, 2019, 2:15 p.m.
  • Length: 14:32

All games in this series

Show
View Real Time Build Order
Export as new Build Order

lIIllllIIlll Terran 

Build Orders: Liberator Opening, Reaper Expand 

Get SALT Encoding   

  12  0:00  SCV  
  13  0:12  SCV  
  14  0:16  Supply Depot  
  14  0:24  SCV  
  15  0:38  SCV  
  15  0:40  Barracks  
  16  0:43  Refinery  
  16  0:50  SCV  
  17  1:02  SCV  
  18  1:14  SCV  
  19  1:27  Orbital Command, Reaper  
  20  1:39  Command Center  
  20  1:49  Supply Depot  
  20  1:52  SCV  
  21  1:58  Marine  
  22  2:04  SCV  
  23  2:08  Factory  
  23  2:16  SCV  
  23  2:20  Barracks Reactor  
  24  2:28  SCV  
  25  2:40  SCV  
  25  2:42  Command Center  
  26  2:51  Orbital Command  
  26  2:53  SCV  
  27  2:59  Starport  
  27  3:03  Refinery  
  27  3:06  SCV  
  27  3:09  Hellion  
  30  3:14  Hellion  
  30  3:19  SCV x2  
  34  3:23  Liberator  
  34  3:34  SCV x2  
  37  3:35  Hellion  
  37  3:36  Hellion  
  43  3:45  Barracks Tech Lab  
  43  3:48  SCV x2  
  45  3:55  Orbital Command  
  45  4:01  SCV x2  
  45  4:02  Barracks  
  47  4:03  Marine  
  47  4:04  Stimpack  
  47  4:07  Barracks  
  48  4:13  Factory Reactor  
  48  4:14  SCV x2  
  50  4:21  Marine, Supply Depot  
  50  4:22  SCV  
  52  4:26  SCV x2  
  52  4:29  Engineering Bay  
  54  4:31  Starport Reactor, Engineering Bay  
  54  4:35  Refinery  
  54  4:36  Refinery  
  54  4:40  SCV x3  
  54  4:43  Marine  
  58  4:47  Supply Depot  
  58  4:51  Marine x2  
  58  4:52  SCV x2  
  62  4:56  Orbital Command  
  62  4:59  Terran Infantry Weapons Level 1  
  61  5:00  Factory Tech Lab  
  61  5:03  Marine  
  61  5:04  Terran Infantry Armor Level 1, SCV x2  
  64  5:10  Supply Depot  
  64  5:16  SCV x2, Barracks  
  64  5:17  Barracks  
  64  5:20  Marine x3  
  64  5:21  Marine x2  
  67  5:22  Medivac  
  67  5:25  Medivac  
  71  5:30  SCV  
  71  5:33  Supply Depot  
  72  5:36  Siege Tank  
  72  5:37  SCV x2  
  72  5:42  Marine x2, SCV  
  80  5:43  Marine  
  80  5:44  Marine  
  80  5:45  Supply Depot  
  80  5:46  Marine  
  83  5:51  Supply Depot  
  83  5:52  Combat Shield  
  83  5:53  SCV x2  
  83  5:55  SCV  
  86  6:01  Marine x3  
  86  6:02  Marine, Supply Depot  
  90  6:04  Marine  
  90  6:07  Barracks Reactor x2  
  90  6:09  SCV x3  
  93  6:11  Siege Tank  
  93  6:17  Supply Depot  
  96  6:22  SCV x3  
  96  6:25  Barracks  
  99  6:26  Barracks  
  99  6:28  Armory  
  99  6:33  Barracks  
  99  6:36  Marine x4  
  103  6:40  SCV x3  
  103  6:45  Siege Tank  
  103  6:46  Supply Depot  
  109  6:50  Medivac  
  109  6:51  Medivac  
  110  6:55  Marine x3  
  110  6:56  Marine x3  
  116  7:05  SCV x3  
  116  7:07  Marine x3  
  111  7:13  Marine x6, Barracks Reactor  
  111  7:14  Barracks Reactor  
  117  7:16  Terran Infantry Weapons Level 2  
  117  7:18  Supply Depot  
  117  7:20  Supply Depot  
  117  7:23  Terran Infantry Armor Level 2  
  117  7:24  Marine  
  117  7:25  Marine x2  
  117  7:27  Supply Depot  
  120  7:30  Barracks Reactor  
  120  7:31  Marine x6  
  126  7:40  Siege Tank  
  126  7:42  Marine  
  126  7:44  Marine x2  
  130  7:45  Supply Depot  
  130  7:46  Supply Depot  
  130  7:48  Marine  
  130  7:49  Marine x5, Medivac  
  140  7:55  Marine x4, Supply Depot  
  144  7:59  Medivac  
  144  8:00  Marine  
  144  8:01  Marine  
  144  8:02  Marine  
  149  8:06  Marine x2  
  149  8:07  Marine x2  
  149  8:12  Marine  
  149  8:14  Marine x7  
  149  8:18  Marine  
  149  8:19  Marine  
  152  8:20  Marine, Siege Tank  
  152  8:22  Medivac  
  152  8:24  Marine x3  
  162  8:28  Supply Depot  
  158  8:34  Medivac  
  158  8:35  Marine x8  
  158  8:37  Marine  
  158  8:40  Marine x3  
  172  8:46  Marine  
  172  8:47  Marine  
  174  8:49  Marine  
  174  8:50  Supply Depot x2  
  174  8:53  Marine x2, Siege Tank  
  174  8:55  Marine x2  
  179  8:56  Marine  
  182  9:05  Medivac x2  
  182  9:06  Marine x3  
  189  9:11  Marine x3  
  191  9:17  Marine  
  191  9:18  Marine x8  
  199  9:27  Supply Depot  
  199  9:28  Supply Depot  
  199  9:30  Supply Depot  
  198  9:40  Terran Infantry Weapons Level 3  
  180  9:48  Marine x4  
  180  9:49  Marine x4  
  180  9:50  Marine x3  
  177  9:59  Marine x3  
  172  10:05  Marine  
  172  10:06  Marine x5, Siege Tank  
  172  10:07  Marine  
  172  10:09  Barracks Reactor  
  170  10:18  Medivac x2  
  174  10:24  Marine  
  174  10:25  Marine  
  173  10:33  Marine  
  172  10:59  Supply Depot  
  164  11:05  Supply Depot  
  164  11:06  Supply Depot  
  163  11:14  Supply Depot  
  134  11:52  Marine x2  
  134  11:53  Marine  
  125  12:02  Supply Depot  
  125  12:03  Marine x6, Siege Tank, SCV x2  
  125  12:04  Supply Depot  
  125  12:06  Medivac x2, Supply Depot  
  140  12:12  Supply Depot x2  
  140  12:13  Supply Depot  
  126  12:24  Marine x7  
  126  12:25  Marine x2, Supply Depot, Orbital Command  
  126  12:27  Supply Depot  
  135  12:30  Supply Depot  
  135  12:36  Siege Tank  
  138  12:37  SCV x2  
  138  12:41  Marine x7  
  138  12:43  Marine  
  144  12:50  SCV x2  
  144  12:51  SCV  
  139  13:02  Marine  
  140  13:06  Marine  
  140  13:07  Marine x3  
  140  13:08  Siege Tank  
  140  13:09  SCV x3  
  150  13:15  Medivac x2  
  153  13:23  Marine x4  
  153  13:24  Marine  
  153  13:25  Marine  
  159  13:32  Marine  
  160  13:40  Siege Tank  
  160  13:48  Medivac x2  
  138  13:51  Marine  
  138  13:52  Marine x7  
  140  13:57  Marine  
  130  14:09  Marine x4  
  108  14:10  Marine x2  
Show
View Real Time Build Order
Export as new Build Order

Serral Zerg - Winner!

Build Orders: Hatch First 

Get SALT Encoding   

  12  0:00  Drone  
  13  0:12  Overlord  
  13  0:17  Drone  
  14  0:30  Drone x2  
  16  0:48  Hatchery  
  15  0:51  Drone  
  15  0:54  Drone  
  17  0:57  Drone  
  18  1:08  Extractor  
  17  1:13  Spawning Pool  
  17  1:15  Drone  
  17  1:19  Drone  
  18  1:27  Drone  
  19  1:39  Drone  
  20  1:50  Overlord  
  20  1:59  Queen  
  20  2:00  Zergling x4, Queen  
  26  2:11  Drone x2  
  26  2:12  Metabolic Boost  
  28  2:22  Drone x2  
  30  2:33  Overlord  
  30  2:35  Queen  
  30  2:36  Spore Crawler  
  31  2:38  Drone  
  31  2:43  Drone  
  31  2:44  Drone  
  35  2:53  Drone  
  35  2:54  Drone  
  37  3:05  Pneumatized Carapace  
  37  3:07  Overlord  
  37  3:09  Drone x2  
  39  3:13  Extractor  
  39  3:14  Drone  
  39  3:20  Drone x3  
  39  3:26  Drone  
  43  3:27  Queen  
  43  3:29  Hatchery  
  44  3:35  Zergling x2  
  44  3:37  Drone  
  44  3:40  Overlord  
  46  3:41  Drone x2  
  46  3:44  Drone x2  
  50  3:49  Drone  
  50  3:50  Drone  
  50  3:53  Extractor, Drone  
  52  4:01  Drone  
  53  4:04  Queen  
  53  4:06  Overlord  
  55  4:11  Zergling x4  
  55  4:13  Drone x2  
  59  4:18  Drone  
  59  4:19  Evolution Chamber  
  59  4:20  Evolution Chamber, Drone, Overlord  
  59  4:23  Overlord  
  59  4:25  Drone  
  59  4:26  Drone  
  61  4:34  Drone  
  61  4:36  Drone  
  63  4:41  Queen  
  63  4:42  Zergling x2  
  66  4:46  Drone x4  
  66  4:48  Zerg Melee Weapons Level 1, Zerg Ground Armor Level 1  
  66  4:52  Lair  
  70  4:56  Zergling x2  
  70  4:57  Drone  
  70  4:59  Drone, Baneling Nest  
  72  5:02  Overlord  
  72  5:03  Drone  
  72  5:04  Drone  
  72  5:05  Drone  
  75  5:09  Extractor  
  75  5:11  Extractor, Drone x2  
  75  5:14  Drone x2  
  77  5:22  Drone x5  
  77  5:23  Drone  
  77  5:26  Extractor  
  82  5:31  Overlord  
  82  5:35  Hatchery, Zergling x4  
  82  5:36  Zergling x4  
  85  5:46  Hatchery  
  85  5:47  Zergling x10  
  89  5:51  Centrifical Hooks  
  89  5:52  Overseer  
  89  5:54  Overlord  
  89  6:00  Overlord  
  89  6:01  Zergling x6, Hydralisk Den  
  91  6:06  Zergling x8  
  95  6:15  Zergling x6  
  95  6:16  Baneling x2  
  95  6:17  Baneling x6  
  98  6:24  Drone x2  
  98  6:25  Drone x4  
  104  6:26  Overlord  
  104  6:27  Zergling x8  
  104  6:29  Zergling x2  
  104  6:32  Spore Crawler  
  105  6:39  Drone x2  
  108  6:40  Drone  
  108  6:47  Drone  
  108  6:52  Spawning Pool  
  106  6:55  Muscular Augments  
  103  7:02  Hydralisk x6  
  103  7:08  Hydralisk x3  
  108  7:11  Drone  
  108  7:12  Drone  
  108  7:13  Drone x3  
  117  7:16  Drone x2  
  117  7:18  Drone  
  117  7:20  Baneling x4  
  120  7:26  Drone x5  
  120  7:27  Drone  
  125  7:35  Drone  
  126  7:38  Zerg Ground Armor Level 2  
  126  7:43  Queen  
  128  7:45  Zerg Melee Weapons Level 2  
  128  7:46  Zergling x2  
  128  7:47  Zergling x8  
  128  7:51  Hatchery, Zergling x8  
  135  8:00  Zergling x2  
  135  8:01  Zergling x10  
  141  8:06  Grooved Spines  
  141  8:09  Overlord  
  141  8:10  Overlord  
  139  8:17  Overlord  
  139  8:18  Overlord  
  139  8:19  Overlord x3  
  136  8:27  Queen  
  136  8:29  Extractor, Infestation Pit  
  136  8:31  Drone  
  136  8:32  Drone x2  
  136  8:33  Drone x2  
  136  8:35  Drone x3  
  136  8:36  Baneling x3  
  136  8:37  Zergling x10, Baneling x2  
  136  8:38  Overseer  
  144  8:44  Overlord  
  144  8:46  Zergling x18  
  153  8:58  Zergling x2  
  153  8:59  Zergling x14  
  161  9:04  Baneling x10  
  161  9:07  Zergling x12  
  167  9:23  Zergling x18  
  167  9:24  Zergling x6  
  171  9:28  Hatchery, Zergling x4  
  171  9:30  Hive  
  170  9:33  Baneling x14  
  170  9:38  Zergling x28  
  182  9:40  Overlord  
  182  9:45  Overlord  
  172  9:50  Overlord  
  172  9:52  Baneling x9  
  163  9:53  Zergling x6  
  163  9:55  Zergling x2  
  163  9:58  Zergling x4  
  160  10:04  Baneling x8  
  155  10:08  Zergling x20  
  155  10:10  Baneling x10  
  163  10:15  Zergling x8  
  163  10:20  Zergling x8  
  171  10:28  Hydralisk x3  
  170  10:32  Hydralisk x3  
  179  10:39  Zergling x20  
  189  10:43  Baneling x5  
  189  10:45  Zergling x8  
  193  10:55  Zergling x14  
  196  11:03  Hatchery  
  178  11:04  Zergling x16  
  178  11:05  Zergling x4  
  183  11:12  Zergling x12  
  183  11:17  Hydralisk x2  
  183  11:18  Hydralisk x2  
  197  11:21  Hydralisk  
  195  11:34  Hydralisk  
  195  11:35  Zergling x26  
  190  11:46  Hydralisk x2  
  179  11:47  Zergling x12  
  179  11:54  Zergling x4  
  166  11:59  Zergling x2, Baneling x7  
  166  12:00  Zergling x6  
  170  12:04  Zergling x14  
  170  12:07  Baneling x10  
  177  12:10  Zergling x6  
  177  12:11  Baneling  
  177  12:12  Baneling x12  
  176  12:20  Zergling x14  
  168  12:23  Zergling x4  
  168  12:28  Zergling x2  
  168  12:29  Zergling x6  
  174  12:31  Baneling x8  
  174  12:32  Baneling x4  
  174  12:37  Zergling x2  
  174  12:38  Zergling x16  
  180  12:53  Zergling x2  
  180  12:54  Zergling x18  
  189  13:01  Zergling x2  
  189  13:02  Hatchery, Zergling x14  
  196  13:08  Baneling x12  
  196  13:11  Hydralisk x2  
  199  13:27  Extractor  
  199  13:33  Zergling x10  
  200  13:34  Baneling x2  
  200  13:35  Baneling x8  
  200  13:39  Zergling x2  
  176  13:50  Zergling x12  
  176  13:51  Zergling x30  
  192  14:00  Zergling x12  
  192  14:08  Zergling x10  
  184  14:12  Zergling x4  
  184  14:13  Zergling x8  
Tags
 
Add a new tag
Caveats
  • Supply blocks, unpowered buildings, or Contaminate may cause inaccurate times.
  • Supply counts are checked every 10 seconds.